 Dungeon Crawl Stone Soup version 0.29-a0-284-gf9362112df (webtiles) character file.

Game seed: 3120500537758760233

562 spaghetti the Sneak (level 7, 0/45 HPs)
             Began as an Octopode Transmuter on Mar 24, 2022.
             Was a High Priest of Ru.
             Slain by a troll (2 damage)
             ... on level 5 of the Dungeon.
             The game lasted 00:08:59 (5935 turns).

spaghetti the Sneak (Octopode Transmuter)           Turns: 5935, Time: 00:09:00

Health: 0/45       AC:  1    Str: 10    XL:     7   Next: 31%
Magic:  17/19      EV: 13    Int: 17    God:    Ru [*****.]
Gold:   111        SH:  0    Dex: 12    Spells: 4/10 levels left

rFire   x . .      SeeInvis +   n - +6 whip of Sudden Death {flame, rC+++, mace}
rCold   + + .      Faith    .   (no shield)
rNeg    . . .      Spirit   .   (helmet currently unavailable)
rPois   .          Reflect  .   (no amulet)
rElec   .          Harm     .   j - ring of magical power
rCorr   .          Rampage  .   m - ring of see invisible
Will    .....                   (no ring)
Stlth   ++++......              (no ring)
HPRegen 0.15/turn               (no ring)
MPRegen 0.16/turn               (no ring)
                                (no ring)
                                (no ring)

@: appendages (expiring), wereblooded
A: tentacle spike 3, almost no armour, amphibious, 8 rings, camouflage 1,
gelatinous body 1, inability to use devices, temperature sensitive, (nimble
swimmer 1), tentacles
a: End Transformation, Renounce Religion, Draw Out Power, Power Leap, Apocalypse


You were on level 5 of the Dungeon.
You worshipped Ru.
Ru was extremely pleased with you.
One of your tentacles had grown a beastly spike.
You visited 1 branch of the dungeon, and saw 5 of its levels.

You collected 111 gold pieces.


Innate Abilities, Weirdness & Mutations

One of your tentacles has grown a beastly spike.
You cannot wear most types of armour.
You are amphibious.
You can wear up to eight rings at the same time.
Your skin changes colour to match your surroundings (Stealth+).
Your rubbery body absorbs attacks. (AC +1, EV +1)
You cannot study or use magical devices.
You are sensitive to extremes of temperature. (rF-, rC-)
((You are camouflaged when in or above water. (Stealth+)))
You have tentacles for arms and can constrict up to eight enemies at once.


   Skills:
 + Level 2.9 Fighting
 - Level 2.0 Dodging
 + Level 5.7 Stealth
 + Level 4.9 Unarmed Combat
 - Level 2.0 Spellcasting
 + Level 4.3 Transmutations


You had 4 spell levels left.
You knew the following spells:

 Your Spells              Type           Power      Damage    Failure   Level
a - Beastly Appendage     Tmut           32%        N/A       3%          1
b - Wereblood             Tmut           16%        N/A       4%          2
c - Spider Form           Tmut/Pois      9%         N/A       24%         3

Your spell library contained the following spells:

 Spells                   Type           Power      Damage    Failure   Level
 Animate Skeleton         Necr           2%         N/A       19%         1
 Apportation              Tloc           2%         N/A       19%         1
 Summon Small Mammal      Summ           4%         N/A       19%         1
 Dazzling Flash           Conj/Hex       2%         N/A       50%         3
 Ice Form                 Ice/Tmut       9%         N/A       61%         4
 Iskenderun's Mystic Bla  Conj/Tloc      1%         2d3       88%         4
 Leda's Liquefaction      Hex/Erth       0%         N/A       88%         4
 Lee's Rapid Deconstruct  Erth           0%         3d5*      99%         5
 Starburst                Conj/Fire      0%         6d3       100%        6
 Statue Form              Tmut/Erth      6%         N/A       100%        6

Inventory:

Hand Weapons
 f - a +2 dagger of venom {short}
   (You took it off a goblin on level 1 of the Dungeon)
 n - the +6 whip of Sudden Death (weapon) {flame, rC+++, mace}
   (You found it on level 3 of the Dungeon)

   It burns those it strikes, dealing additional fire damage.
   rC:        It renders you almost immune to cold.
Missiles
 d - 5 boomerangs {throwing}
 k - 133 stones (quivered) {throwing}
 v - 5 poisoned darts {throwing}
Magical Staves
 w - a staff of conjuration {!a@e2staff}
   (You found it on level 5 of the Dungeon)
Jewellery
 j - a ring of magical power (left tentacle)
   (You found it on level 2 of the Dungeon)
 m - a ring of see invisible (right tentacle)
   (You found it on level 3 of the Dungeon)
Scrolls
 b - 2 scrolls of enchant armour
 e - 2 scrolls of teleportation {@r4}
 h - a scroll of amnesia
 o - a scroll of enchant weapon
 p - 3 scrolls of brand weapon
 s - a scroll of magic mapping {unknown}
 t - a scroll of summoning {unknown}
 u - 2 scrolls of fear {unknown}
Potions
 a - a potion of lignification {!q}
 c - 4 potions of curing {@q1}
 g - a potion of flight
 i - a potion of resistance {unknown}
 l - a potion of degeneration {unknown}
 q - a potion of haste {@q3}
 r - a potion of attraction {unknown}

Dungeon Overview and Level Annotations

Branches:
Dungeon (5/15)
 Temple: D:4-7

Altars:
Ru
Xom
The Shining One

........# #........#
#######.# #........#
......#.# ######.?......#
......#.#
#......####.#.#####
......#.# #......#
#.#...... ......†.#
#......# ##........
####+##.#
#......###.....h!..
#.##.####..........###.....
#...>...+....@T'..## #..##
####.####........## #..#
#.#.# #.......## #o.
#.#.####).....## #.
#.......##...##
#.#.###.##...# ##
#.#.###.#..<.## #.#
#.#.#.........###..# #
#.....#.#...#.....###..


You could see a troll (blind).


Message History

😎 MP[+2]
Your mp is fully restored (19).
Your primal bloodlust has ended.
An orc is nearby!
An orc is nearby!
Casting: Wereblood (safe; 4% risk of failure)
Confirm with . or Enter, or press ? or * to list all spells.
One of your tentacles grows a vicious spike.
The orc shouts! 😎 MP[-1]
You lost 1 mp, and now have 18/19 mp.
Casting: Beastly Appendage (safe; 3% risk of failure)
Confirm with . or Enter, or press ? or * to list all spells.
Your blood is infused with primal strength. 😎 MP[-2]
You lost 2 mp, and now have 16/19 mp.
You barely miss the orc. You grab the orc.
You pierce the orc.
You squeeze the orc. You constrict the orc.
You kill the orc!
No target in view!
No target in view!
No target in view!
You howl as the wereblood boils in your veins!
You howl as the wereblood boils in your veins!
A howler monkey is nearby! 😎 MP[+1]
A howler monkey is nearby!
A howler monkey is nearby!
A howler monkey is nearby!
A howler monkey is nearby!
A howler monkey is nearby!
Items here: ! ) [ †. 😎 MP[+1]
Your transformation is almost over.
The howler monkey howls!
The howler monkey hoots and howls with incredible vigour!
You hear a shout!
The howler monkey hits you. 😕 HP[-6]
You take 6 damage, and now have 39/45 hp.
You closely miss the howler monkey. Your grab misses the howler monkey.
The howler monkey hits you.
The howler monkey closely misses you. 😕 HP[-2]
You take 2 damage, and now have 37/45 hp.
You whack the howler monkey! You burn the howler monkey.
You grab the howler monkey.
You pierce the howler monkey.
You squeeze the howler monkey!
You feel a bit better.
You kill the howler monkey! 😕 HP[+3]
You regained 3 hp, and now have 40/45 hp.
No target in view!
No target in view!
No target in view!
No target in view!
No target in view!
You howl as the wereblood boils in your veins!
Your primal bloodlust is almost over.
A troll is nearby! 😕 MP[+1]
Your mp is fully restored (19).
A troll is nearby!
A troll is nearby!
A troll is nearby!
Casting: Wereblood (safe; 4% risk of failure)
Confirm with . or Enter, or press ? or * to list all spells.
You extend your transformation's duration. 😕 MP[-1]
You lost 1 mp, and now have 18/19 mp.
Casting: Beastly Appendage (safe; 3% risk of failure)
Confirm with . or Enter, or press ? or * to list all spells.
Your blood is freshly infused with primal strength! 😕 MP[-2]
You lost 2 mp, and now have 16/19 mp. 😕 HP[+1]
You closely miss the troll.
You pierce the troll.
You squeeze the troll! The troll closely misses you. The troll misses you.
The troll claws you! 😮 HP[-12]
You take 12 damage, and now have 29/45 hp.
MASSIVE DAMAGE!! (PAUSE)
You hit the troll but do no damage.
Your tentacle spike misses the troll.
The troll is stunned by your conviction and fails to attack.
You redirect the troll's attack!
The troll closely misses itself.
The troll barely misses itself.
The troll claws itself! 😮 MP[+1]
You catch the helpless troll completely off-guard!
You whack the troll! You burn the troll.
Your tentacle spike misses the troll.
Your transformation is almost over.
The troll bites you!
* * * LOW HITPOINT WARNING * * *
The troll claws you.
* * * LOW HITPOINT WARNING * * *
You focus your inner power and blind the troll in retribution!
The troll closely misses you. 😨 HP[-8]
You take 8 damage, and now have 21/45 hp.
You barely miss the troll. The troll bites you!!
* * * LOW HITPOINT WARNING * * *
The troll barely misses you. The troll claws you.
You die...

Skill      XL: |  1  2  3  4  5  6 |
---------------+-------------------+-----
Stealth        | 1 2 3 4 5 |  5.7
Unarmed Combat | 4 |  4.9
Transmutations | 3 4 |  4.3
Fighting       | 2 |  2.9
Dodging        | |  2.0
Spellcasting   | |  2.0

Action                   |  1- 3 |  4- 6 |  7- 9 || total
-------------------------+-------+-------+-------++-------
Melee: Unarmed           |    21 |    17 |     2 ||    40
       Constrict         |    21 |    16 |     4 ||    41
       Tentacles         |    14 |     8 |     5 ||    27
       Kick              |    14 |     8 |     3 ||    25
       Dagger            |    49 |    13 |       ||    62
       Punch             |     2 |     2 |       ||     4
       Whip              |       |    43 |    17 ||    60
Throw: Stone             |    21 |    63 |    13 ||    97
 Cast: Beastly Appendage |    20 |    15 |     6 ||    41
       Wereblood         |     5 |    20 |     9 ||    34
       Spider Form       |     1 |     1 |     1 ||     3
Invok: Sacrifice Artific |     1 |       |       ||     1
       Sacrifice Resista |       |       |     1 ||     1
  Use: Scroll            |     4 |     3 |     1 ||     8
       Potion            |       |       |     1 ||     1
 Stab: Sleeping          |     9 |       |       ||     9
       Distracted        |       |       |     1 ||     1
Armor: Skin              |     6 |     7 |       ||    13
Dodge: Dodged            |    39 |    44 |    18 ||   101

Levels and vault maps discovered:
D:1:      dpeg_arrival_shelter, layout_loops_ring, patterned_corridor
D:2:      layout_basic, shapermc_ecumenical_altar_venn, mrwooster_statue_mirror
D:3:      layout_basic, nicolae_overflow_hidden_temple, uniq_robin
D:4:      layout_basic
D:5:      layout_basic, lemuel_coloured_pillars_altar,
          nemelex_spade_bored_becter

Notes
Turn   | Place    | Note
-------+----------+-------------------------------------------
     0 | D:1      | spaghetti the Octopode Transmuter began the quest for the
                  | Orb.
     0 | D:1      | Reached XP level 1. HP: 13/13 MP: 3/3
     0 | D:1      | magus.rc [v1.9.6]
    14 | D:1      | Reached skill level 1 in Stealth
    23 | D:1      | You pick up a book of the Earth and begin reading...
    23 | D:1      | You add the spells Leda's Liquefaction, Lee's Rapid
                  | Deconstruction and Statue Form to your library.
   292 | D:1      | Reached XP level 2. HP: 11/18 MP: 3/5
   405 | D:1      | Reached skill level 2 in Stealth
   751 | D:1      | Reached XP level 3. HP: 16/23 MP: 6/6
  1638 | D:2      | Reached skill level 3 in Stealth
  1650 | D:2      | Learned a level 2 spell: Wereblood
  1654 | D:2      | Learned a level 3 spell: Spider Form
  1673 | D:2      | Found a faded altar of an unknown god.
  1770 | D:2      | Prayed at the altar of an unknown god.
  1770 | D:2      | Became a worshipper of Ru the Awakened
  1839 | D:2      | Gained mutation: You cannot study or use magical devices.
                  | [Ru sacrifice]
  1839 | D:2      | Reached * piety under Ru
  1839 | D:2      | Reached ** piety under Ru
  2720 | D:3      | Found a shimmering altar of Xom.
  2724 | D:3      | Found a glowing golden altar of the Shining One.
  2733 | D:3      | Noticed Robin
  2745 | D:3      | Reached XP level 4. HP: 28/28 MP: 7/7
  2780 | D:3      | Killed Robin
  2927 | D:3      | Identified the +6 whip of Sudden Death {flame, rC+++}
  3200 | D:3      | Noticed a scorpion
  3211 | D:3      | Killed a scorpion
  3212 | D:3      | Reached skill level 4 in Stealth
  3212 | D:3      | Reached skill level 4 in Unarmed Combat
  3212 | D:3      | Reached skill level 3 in Transmutations
  3212 | D:3      | Reached XP level 5. HP: 18/33 MP: 8/8
  3217 | D:3      | HP: 8/33 [poisoned by a scorpion]
  4132 | D:4      | Reached XP level 6. HP: 31/39 MP: 9/9
  4305 | D:4      | Reached skill level 2 in Fighting
  4312 | D:4      | Reached skill level 5 in Stealth
  4852 | D:3      | You pick up a book of Spectacle and begin reading...
  4852 | D:3      | You add the spells Dazzling Flash, Iskenderun's Mystic
                  | Blast and Starburst to your library.
  4870 | D:4      | Reached skill level 4 in Transmutations
  4870 | D:4      | Reached XP level 7. HP: 26/45 MP: 10/10
  5299 | D:5      | Entered Level 5 of the Dungeon
  5543 | D:5      | You pick up a book of Cantrips and begin reading...
  5543 | D:5      | You add the spells Animate Skeleton, Summon Small Mammal
                  | and Apportation to your library.
  5564 | D:5      | Noticed a troll
  5570 | D:5      | HP: 4/45 [troll (9)]
  5571 | D:5      | HP: 1/45 [troll (3)]
  5882 | D:5      | Gained mutation: You are sensitive to extremes of
                  | temperature. (rF-, rC-) [Ru sacrifice]
  5882 | D:5      | Reached *** piety under Ru
  5882 | D:5      | Reached **** piety under Ru
  5882 | D:5      | Reached ***** piety under Ru
  5935 | D:5      | HP: 2/45 [troll (19)]
  5935 | D:5      | Slain by a troll

Vanquished Creatures
  A centaur (D:4)
  A bullfrog (D:4)
  A scorpion (D:3)
  A howler monkey (D:5)
  An orc priest (D:4)
  2 hounds
  2 iguanas
  An orc wizard (D:4)
  Robin (D:3)
  5 adders
  An ufetubus (D:5)
  A dart slug (D:1)
  7 orcs
  7 bats
  7 endoplasms
  4 giant cockroaches
  16 goblins
  9 hobgoblins
  2 jackals (D:1)
  4 kobolds
  A quokka (D:5)
  9 ball pythons
  3 frilled lizards
  4 rats
91 creatures vanquished.

Table legend:
 A = Non-vault XP
 B = Vault XP
 C = Vault XP percentage of total XP
 D = Non-vault monster count
 E = Vault monster count
 F = Vault count percentage of total count
                 A         B        C        D         E       F
            +---------+---------+-------+---------+---------+-------
      Total |     767 |      36 |   4.5 |      78 |      13 |  14.3
            +---------+---------+-------+---------+---------+-------
        D:1 |      48 |       0 |   0.0 |      24 |       0 |   0.0
        D:2 |      32 |       0 |   0.0 |      15 |       0 |   0.0
        D:3 |     119 |      36 |  23.2 |      15 |      13 |  46.4
        D:4 |     402 |       0 |   0.0 |      16 |       0 |   0.0
        D:5 |     166 |       0 |   0.0 |       8 |       0 |   0.0
            +---------+---------+-------+---------+---------+-------

Illustrated notes

Table legend:
 A = Kills in this place as a percentage of kills in entire the game.
 B = Kills by you in this place as a percentage of kills by you in the entire game.
 C = Kills by friends in this place as a percentage of kills by friends in the entire game.
 D = Other kills in this place as a percentage of other kills in the entire game.
 E = Experience gained in this place as a percentage of experience gained in the entire game.
 F = Experience gained in this place divided by the number of levels of this place that you have seen.
                   A       B       C       D       E      F
               +-------+-------+-------+-------+-------+----------------------
         Total | 100.0 | 100.0 |   N/A |   N/A | 100.0 | 160.6
       Dungeon | 100.0 | 100.0 |   N/A |   N/A | 100.0 | 160.6
               +-------+-------+-------+-------+-------+----------------------

Table legend: (Time is in decaauts)
 A = Elapsed time spent in this place.
 B = Non-inter-level travel time spent in this place.
 C = Inter-level travel time spent in this place.
 D = Time resting spent in this place.
 E = Time spent auto-exploring this place.
 F = Levels seen in this place.
 G = Mean time per level.
                   A        B        C        D        E       F      G
               +--------+--------+--------+--------+--------+-----+--------+
         Total |   5908 |   5724 |    184 |    987 |   4018 |   5 | 1181.6 |
       Dungeon |   5908 |   5724 |    184 |    987 |   4018 |   5 | 1181.6 |
               +--------+--------+--------+--------+--------+-----+--------+

Top non-repeatable levels by time:
     D:3: 1643 daAuts
     D:2: 1341 daAuts
     D:1: 1294 daAuts
     D:4: 1246 daAuts
     D:5: 382 daAuts
